 Dungeon Crawl Stone Soup version 0.29.1-1-gd02db69 (webtiles) character file.

Game seed: 9903057631125475573

68 Timinator the Ruffian (level 3, 0/28 HPs)
             Began as a Demigod Transmuter on Dec 18, 2022.
             Slain by a quokka (2 damage)
             ... on level 2 of the Dungeon.
             The game lasted 00:06:46 (2097 turns).

Timinator the Ruffian (Demigod Transmuter)          Turns: 2097, Time: 00:06:47

Health: 0/28       AC:  3    Str: 15    XL:     3   Next: 73%
Magic:  8/8        EV: 12    Int: 15    God:
Gold:   86         SH:  0    Dex: 14    Spells: 3/6 levels left

rFire   . . .      SeeInvis .     - Unarmed
rCold   . . .      Faith    .   (no shield)
rNeg    . . .      Spirit   .   a - +0 robe
rPois   .          Reflect  .   (helmet currently unavailable)
rElec   .          Harm     .   (no cloak)
rCorr   .          Rampage  .   i - +0 pair of gloves
Will    .....                   (boots currently unavailable)
Stlth   +.........              c - amulet of magic regeneration
HPRegen 0.09/turn               (no ring)
MPRegen 0.51/turn               (no ring)

@: appendages
A: horns 2, talons 2, high MP 1, forlorn, divine attributes
a: End Transformation


You were on level 2 of the Dungeon.
You had temporarily grown beastly horns and talons.
You visited 1 branch of the dungeon, and saw 2 of its levels.

You collected 86 gold pieces.

Inventory:

Missiles
 j - a throwing net
Armour
 a - a +0 robe (worn)
 e - a +0 pair of boots (melded)
 i - a +0 pair of gloves (worn)
Jewellery
 c - an amulet of magic regeneration (around neck)
Scrolls
 b - a scroll of teleportation {unknown}
 d - 2 scrolls of immolation {unknown}
 g - 3 scrolls of identify {unknown}
 h - a scroll of enchant weapon {unknown}
 k - a scroll of blinking {unknown}
Potions
 f - a potion of haste {unknown}


   Skills:
 * Level 1.3 Fighting
 * Level 1.0 Armour
 * Level 2.1 Dodging
 + Level 3.2 Unarmed Combat
 + Level 2.0 Spellcasting
 * Level 2.4 Transmutations


You had 3 spell levels left.
You knew the following spells:

 Your Spells              Type           Power      Damage    Failure   Level
a - Beastly Appendage     Tmut           16%        N/A       9%          1
b - Wereblood             Tmut           8%         N/A       12%         2

Your spell library contained the following spells:

 Spells                   Type           Power      Damage    Failure   Level
 Summon Small Mammal      Summ           4%         N/A       22%         1
 Spider Form              Tmut/Pois      5%         N/A       38%         3
 Call Canine Familiar     Summ           1%         N/A       54%         3
 Gell's Gravitas          Tloc           1%         N/A       54%         3
 Lesser Beckoning         Tloc           1%         N/A       54%         3
 Portal Projectile        Hex/Tloc       2%         N/A       54%         3
 Summon Guardian Golem    Hex/Summ       1%         N/A       54%         3
 Teleport Other           Tloc           1%         N/A       54%         3
 Tukima's Dance           Hex            1%         N/A       54%         3
 Ice Form                 Ice/Tmut       5%         N/A       80%         4
 Blade Hands              Tmut           4%         N/A       92%         5


Dungeon Overview and Level Annotations

Branches:
Dungeon (2/15)


Innate Abilities, Weirdness & Mutations

You have temporarily grown beastly horns and talons.
You have an increased reservoir of magic. (+10% MP)
You shall have no god before yourself.
Your divine heritage dramatically boosts your attributes as you level up.


Message History

Your headbutt misses the adder.
The adder is moderately wounded.
The adder bites you but does no damage.
You barely miss the adder.
The adder is moderately wounded.
The adder bites you.
You miss the adder. You claw the adder.
The adder is almost dead.
The adder bites you.
You are poisoned.
The adder poisons you!
You hit the adder.
You kill the adder!
You feel sick.
Your Armour skill increases to level 1!
You hit the frilled lizard.
You kill the frilled lizard!
You feel sick.
You feel sick.
Things that are here:
a frilled lizard corpse; an adder corpse You feel sick.
You feel sick.
You are no longer poisoned.
Your horns disappear.
Your talons disappear.
Your +0 pair of boots unmelds from your body.
You see here a scroll labelled WOASUOZOHE.
You barely miss the quokka. The quokka closely misses you.
The quokka bites you.
* * * LOW HITPOINT WARNING * * *
You closely miss the quokka. The quokka closely misses you.
You hit the quokka but do no damage. The quokka closely misses you.
You hit the quokka but do no damage. The quokka bites you.
* * * LOW HITPOINT WARNING * * *
Casting: Beastly Appendage (safe; 9% risk of failure)
Confirm with . or Enter, or press ? or * to list all spells.
You grow a pair of large bovine horns.
Your feet morph into talons.
Your +0 pair of boots melds into your body.
The quokka bites you.
You die...

.##.# ..#. ###...
#.... .# .#.. .# . ...
##>.####.### .
....#...##.....# .
#....?r#.....# #
####...@......# #
#....#........# #
#.#######.....# # #.#
#.....# ##### #.#
#†##### ....######.#
#.## ###....†##.#
####..#### #
#####....####........#
######.>...........#


You could see a quokka.

Vanquished Creatures
  Robin (D:2)
  An adder (D:2)
  2 dart slugs
  3 endoplasms
  A giant cockroach (D:2)
  9 goblins (D:1)
  7 hobgoblins
  2 quokkas
  4 ball pythons
  6 bats
  2 frilled lizards (D:2)
  3 kobolds (D:1)
  A rat (D:1)
42 creatures vanquished.

Notes
Turn   | Place    | Note
-------+----------+-------------------------------------------
     0 | D:1      | Timinator the Demigod Transmuter began the quest for the
                  | Orb.
     0 | D:1      | Reached XP level 1. HP: 15/15 MP: 5/5
    20 | D:1      | Reached skill level 1 in Fighting
   166 | D:1      | Reached XP level 2. HP: 1/23 MP: 5/7
   528 | D:1      | Learned a level 2 spell: Wereblood
  1548 | D:2      | Noticed Robin
  1617 | D:1      | Reached skill level 3 in Unarmed Combat
  1763 | D:1      | Reached XP level 3. HP: 28/28 MP: 8/8
  1845 | D:2      | Killed Robin
  2084 | D:2      | Reached skill level 1 in Armour
  2097 | D:2      | Slain by a quokka

Illustrated notes

Levels and vault maps discovered:
D:1:      elethiomel_arrival_quiet, layout_basic, grunt_decor_clamped,
          chequers_serial_rivers_large_a
D:2:      layout_rooms, uniq_robin

Skill      XL: |  1  2  3 |
---------------+----------+-----
Fighting       | 1 |  1.3
Transmutations | 2 |  2.4
Dodging        | 2 |  2.1
Unarmed Combat | 3 |  3.2
Spellcasting   | 2 |  2.0
Armour         | 1 |  1.0

Action                   || total
-------------------------++-------
Melee: Unarmed           ||    94
       Kick              ||    18
       Headbutt          ||     7
       Punch             ||     1
 Cast: Beastly Appendage ||    20
  Use: Potion            ||     1
 Stab: Sleeping          ||     1
Armor: Robe              ||    25
       Skin              ||     4
Dodge: Dodged            ||    66
